 Dungeon Crawl Stone Soup version 0.29-a0-334-gb41bcbb86e (webtiles) character file.

Game seed: 13289091999832525211

5102 jlumianski the Cleaver (level 10, -3/77 HPs)
             Began as a Demonspawn Fighter on Apr 14, 2022.
             Was a Believer of Qazlal.
             Frozen to death by sirJeffrey23's ghost (17 damage)
             ... on level 7 of the Dungeon.
             The game lasted 00:33:07 (9665 turns).

jlumianski the Cleaver (Demonspawn Fighter)         Turns: 9665, Time: 00:33:08

Health: -3/77      AC: 19    Str: 27    XL:     10   Next: 32%
Magic:  12/12      EV:  8    Int: 10    God:    Qazlal [**....]
Gold:   409        SH:  8    Dex: 12    Spells: 9/9 levels left

rFire   . . .      SeeInvis .   a - +1 war axe (venom)
rCold   . . .      Faith    +   c - +0 buckler
rNeg    . . .      Spirit   .   y - +0 plate armour
rPois   .          Reflect  .   m - +0 helmet
rElec   .          Harm     .   (no cloak)
rCorr   .          Rampage  .   (no gloves)
Will    .....                   l - +2 pair of boots
Stlth   ..........              d - amulet of faith
HPRegen 0.22/turn               J - +4 ring of slaying
MPRegen 0.13/turn               j - +6 ring of strength

@: no status effects
A: icy blue scales 1, foul stench 1, demonic magic 1, demonic touch 1
a: Renounce Religion, Upheaval


You were on level 7 of the Dungeon.
You worshipped Qazlal.
Qazlal was pleased with you.
You visited 1 branch of the dungeon, and saw 8 of its levels.

You collected 409 gold pieces.

Inventory:

Hand Weapons
 a - a +1 war axe of venom (weapon)
 n - a +2 flail of protection
 o - a +2 vorpal hunting sling
 F - a +1 short sword of venom
Missiles
 i - 269 stones (quivered)
 r - 3 atropa-tipped darts
 t - 3 boomerangs
 u - a throwing net
 x - 38 poisoned darts
 G - a curare-tipped dart
Armour
 b - a +0 scale mail
 c - a +0 buckler (worn)
 l - a +2 pair of boots (worn)
 m - a +0 helmet (worn)
 s - a +0 pair of boots
 y - a +0 plate armour (worn)
 B - +0 steam dragon scales
 H - a +3 chain mail
Magical Staves
 I - a staff of conjuration
Jewellery
 d - an amulet of faith (around neck)
 j - a +6 ring of strength (right hand)
 k - a ring of poison resistance
 J - a +4 ring of slaying (left hand)
Wands
 D - a wand of iceblast (23)
Scrolls
 e - 3 scrolls of teleportation
 g - 5 scrolls of immolation
 h - 2 scrolls of brand weapon
 z - a scroll of amnesia
 E - a scroll of blinking
Potions
 f - a potion of flight
 p - a potion of lignification
 q - 4 potions of curing
 v - 3 potions of attraction
 w - 2 potions of degeneration
 A - a potion of ambrosia
 C - a potion of resistance {unknown}


   Skills:
 + Level 6.7 Fighting
 + Level 9.5 Axes
 + Level 0.3 Throwing
 + Level 7.0 Armour
 + Level 2.4 Dodging
 - Level 0.7 Stealth
 + Level 5.0 Shields
 * Level 3.0 Invocations
 * Level 2.3 Evocations


You had 9 spell levels left.
You didn't know any spells.
Your spell library contained the following spells:

 Spells                   Type           Power      Damage    Failure   Level
 Magic Dart               Conj           0%         1d3       99%         1
 Slow                     Hex            0%         N/A       99%         1
 Summon Small Mammal      Summ           0%         N/A       99%         1
 Searing Ray              Conj           0%         2d4       100%        2
 Call Canine Familiar     Summ           0%         N/A       100%        3
 Confusing Touch          Hex            0%         N/A       100%        3
 Gell's Gravitas          Tloc           0%         N/A       100%        3
 Lesser Beckoning         Tloc           0%         N/A       100%        3
 Summon Guardian Golem    Hex/Summ       0%         N/A       100%        3
 Teleport Other           Tloc           0%         N/A       100%        3
 Vampiric Draining        Necr           0%         2d6       100%        3
 Fulminant Prism          Conj/Hex       0%         3d6       100%        4


Dungeon Overview and Level Annotations

Branches:
Dungeon (8/15)             Temple (0/1) D:7
   Lair: D:8-11

Altars:
Fedhas
Gozag
Qazlal

Shops:
D:1 (   D:2 :   D:6 *

Annotations:
D:7 sirJeffrey23's ghost, novice DsMo


Innate Abilities, Weirdness & Mutations

You are partially covered in icy blue scales. (AC +2)
You may rarely emit foul miasma when damaged in melee.
Spells you cast may paralyse adjacent enemies.
Your touch may inflict minor irresistible damage on your foes.


Message History

Okay, then.
You hit sirJeffrey23's ghost.
SirJeffrey23's ghost is heavily damaged.
SirJeffrey23's ghost freezes you.
You are frozen!!
You miss sirJeffrey23's ghost.
SirJeffrey23's ghost is heavily damaged.
SirJeffrey23's ghost freezes you.
You are frozen!!
You barely miss sirJeffrey23's ghost.
SirJeffrey23's ghost is heavily damaged.
SirJeffrey23's ghost closely misses you.
You slash sirJeffrey23's ghost!
SirJeffrey23's ghost is heavily damaged.
SirJeffrey23's ghost hits you but does no damage.
You slash sirJeffrey23's ghost!
SirJeffrey23's ghost is severely damaged.
SirJeffrey23's ghost freezes you.
You are frozen!
* * * LOW HITPOINT WARNING * * *
You slash sirJeffrey23's ghost!
SirJeffrey23's ghost is almost destroyed.
SirJeffrey23's ghost hits you but does no damage.
You closely miss sirJeffrey23's ghost.
SirJeffrey23's ghost is almost destroyed.
SirJeffrey23's ghost wails.
You block sirJeffrey23's ghost's attack.
You miss sirJeffrey23's ghost.
SirJeffrey23's ghost is almost destroyed.
SirJeffrey23's ghost hits you!
* * * LOW HITPOINT WARNING * * *
You hit sirJeffrey23's ghost.
SirJeffrey23's ghost is almost destroyed.
SirJeffrey23's ghost takes a fighting stance.
SirJeffrey23's ghost hits you but does no damage.
You miss sirJeffrey23's ghost.
SirJeffrey23's ghost is almost destroyed.
SirJeffrey23's ghost freezes you.
You are frozen!
You die...

#.......>................
#.#...####.........####..
#.##.###..........## ##.
#.#### #.###.....## ##
#.# ####.####...## #. #.#
#.......##'## ## #.#
#........#.# # #.#
###'W'##.#.# #.#
##.§@..###.#####
#.###∩.._..∩#...##.##
#...#8..8..8#.......##
#####∩......#....#.#.####
##.8∩8.###..##.......
####### #.#.###.####
#.##.#.## #.###.## #.#
###


You could see sirJeffrey23's ghost.

Vanquished Creatures
  A cyclops (D:7)
  Prince Ribbit (D:7)
  A slime creature (D:8)
  Sigmund (D:2)
  A steam dragon (D:6)
  A vampire mosquito (D:8)
  2 water moccasins
  3 sky beasts
  2 black bears
  3 ice beasts
  2 ogres
  A phantom (D:6)
  5 kobold brigands
  Blork the orc (D:5)
  2 bullfrogs (D:6)
  2 necrophages (D:7)
  4 scorpions
  A jelly (D:7)
  15 killer bees
  5 howler monkeys
  5 orc priests
  A gnoll shaman (D:4)
  Jessica (D:2)
  Natasha (thrice) (D:2)
  4 iguanas
  10 orc wizards
  8 gnolls
  11 adders
  2 shadow imps
  2 white imps (D:6)
  2 ufetubi (D:5)
  3 worms
  4 dart slugs
  23 orcs
  2 endoplasms
  6 giant cockroaches
  9 goblins
  3 hobgoblins
  5 jackals
  5 quokkas
  9 ball pythons
  3 bats
  6 frilled lizards
  27 kobolds
  5 rats
  10 bushes (D:7)
223 creatures vanquished.

Vanquished Creatures (others)
  11 bushes (D:7)
11 creatures vanquished.

Grand Total: 234 creatures vanquished

Notes
Turn   | Place    | Note
-------+----------+-------------------------------------------
     0 | D:1      | jlumianski the Demonspawn Fighter began the quest for the
                  | Orb.
     0 | D:1      | Reached XP level 1. HP: 18/18 MP: 1/1
   239 | D:1      | Reached skill level 2 in Axes
   239 | D:1      | Gained mutation: You are partially covered in icy blue
                  | scales. (AC +2) [demonic ancestry]
   239 | D:1      | Reached XP level 2. HP: 23/24 MP: 2/2
   299 | D:1      | Found Celo's Weapon Shop.
   842 | D:2      | Noticed Natasha
   853 | D:2      | Killed Natasha
   854 | D:2      | Reached XP level 3. HP: 20/29 MP: 3/3
   886 | D:2      | Gained mutation: Your touch may inflict minor irresistible
                  | damage on your foes. [demonic ancestry]
   886 | D:2      | Reached XP level 4. HP: 29/35 MP: 4/4
  1033 | D:2      | Reached skill level 3 in Axes
  1143 | D:2      | Noticed Sigmund
  1143 | D:2      | Found Motyrroa's Book Boutique.
  1276 | D:2      | Killed Sigmund
  1277 | D:2      | Reached skill level 4 in Axes
  1277 | D:2      | Reached XP level 5. HP: 9/42 MP: 5/5
  1521 | D:2      | Noticed Natasha
  1542 | D:2      | Killed Natasha
  1543 | D:2      | Reached XP level 6. HP: 28/48 MP: 6/6
  1603 | D:2      | Noticed Natasha
  1754 | D:2      | Noticed Jessica
  1776 | D:2      | Killed Natasha
  1777 | D:2      | Reached skill level 1 in Dodging
  1778 | D:2      | Killed Jessica
  3175 | D:3      | Reached skill level 5 in Axes
  3279 | D:3      | Found a faded altar of an unknown god.
  3578 | D:4      | Gained mutation: Spells you cast may paralyse adjacent
                  | enemies. [demonic ancestry]
  3578 | D:4      | Reached XP level 7. HP: 43/55 MP: 7/7
  3740 | D:5      | Entered Level 5 of the Dungeon
  4692 | D:4      | Reached skill level 6 in Axes
  4799 | D:4      | Reached XP level 8. HP: 50/61 MP: 8/8
  4942 | D:5      | Reached skill level 5 in Fighting
  5185 | D:5      | Found a blossoming altar of Fedhas.
  5196 | D:5      | Found a stormy altar of Qazlal.
  5207 | D:5      | Became a worshipper of Qazlal Stormbringer
  5263 | D:5      | HP: 1/62 [ogre/+0 giant club (6)]
  5661 | D:5      | Noticed Blork the orc
  5687 | D:5      | Killed Blork the orc
  5688 | D:5      | Reached skill level 5 in Armour
  6189 | D:6      | Reached skill level 7 in Axes
  6294 | D:6      | Reached * piety under Qazlal
  6305 | D:6      | Reached XP level 9. HP: 22/69 MP: 9/9
  6603 | D:6      | Reached skill level 8 in Axes
  6709 | D:6      | Found Paeske's Fire Supplies.
  7501 | D:7      | Noticed a cyclops
  7526 | D:7      | Killed a cyclops
  7527 | D:7      | Reached skill level 9 in Axes
  7551 | D:7      | Reached ** piety under Qazlal
  7790 | D:7      | Reached skill level 1 in Invocations
  8046 | D:7      | Noticed Prince Ribbit
  8069 | D:7      | Killed Prince Ribbit
  8070 | D:7      | Reached skill level 1 in Evocations
  8158 | D:7      | Found a staircase to the Ecumenical Temple.
  8220 | D:7      | Gained mutation: You may rarely emit foul miasma when
                  | damaged in melee. [demonic ancestry]
  8220 | D:7      | Reached XP level 10. HP: 77/77 MP: 11/11
  8837 | D:7      | Found a runed translucent gate.
  8837 | D:7      | Found a runed translucent gate.
  8837 | D:7      | Found an opulent altar of Gozag.
  8838 | D:7      | Found a runed translucent gate.
  8841 | D:7      | Noticed sirJeffrey23's ghost (novice DsMo)
  9574 | D:8      | Reached skill level 5 in Shields
  9665 | D:7      | Frozen to death by sirJeffrey23's ghost

Illustrated notes

Levels and vault maps discovered:
D:1:      onia_arrival_handbag, layout_basic, serial_shops,
          nicolae_shop_bloodbath_and_beyond, serial_park_tiny_2,
          minmay_hexomino_c4
D:2:      layout_rooms, serial_shops, shop_fountains, kennysheep_cross_room,
          minmay_pentomino_pile, uniq_jessica, uniq_sigmund, uniq_natasha
D:3:      layout_basic, ebering_ecumenical_altar_petrified,
          roderic_st_hans_cross
D:4:      layout_basic, minmay_starry_boxes
D:5:      layout_basic, grunt_temple_overflow_forces_of_nature,
          uniq_blork_the_orc
D:6:      layout_gridville, nicolae_shop_fire_sale [nicolae_sub_dead_trees],
          minmay_puff
D:7:      layout_loops_corners, minmay_temple_entry_wispy, ebering_ghost_gozag,
          grunt_ministairs_4, minmay_hedge_maze, minmay_misc_feat_rugged,
          uniq_prince_ribbit1
D:8:      cheibrodos_grave_circle, layout_basic, serial_park_tiny_2,
          minmay_fractal_squares_5

Skill      XL: |  1  2  3  4  5  6  7  8  9 10 |
---------------+-------------------------------+-----
Axes           | 2 4 5 6 7 9 |  9.5
Armour         | 3 4 5 6 7 |  7.0
Fighting       | 4 5 6 |  6.7
Shields        | 3 4 5 |  5.0
Dodging        | 1 2 |  2.4
Invocations    | 1 3 |  3.0
Evocations     | 1 2 |  2.3
Throwing       | |  0.3
Stealth        | |  0.7

Action                   |  1- 3 |  4- 6 |  7- 9 | 10-12 || total
-------------------------+-------+-------+-------+-------++-------
Melee: War axe           |    57 |   189 |   330 |    80 ||   656
Throw: Stone             |     5 |     4 |       |     1 ||    10
Evoke: Wand              |       |       |       |     3 ||     3
  Use: Potion            |       |     3 |     5 |       ||     8
       Scroll            |       |    11 |     4 |       ||    15
Armor: Scale mail        |    35 |   123 |    96 |       ||   254
       Plate armour      |       |       |   114 |    64 ||   178
Dodge: Dodged            |    29 |    89 |   122 |    47 ||   287
Block: Buckler           |    11 |    46 |    87 |    49 ||   193

Table legend: (Time is in decaauts)
 A = Elapsed time spent in this place.
 B = Non-inter-level travel time spent in this place.
 C = Inter-level travel time spent in this place.
 D = Time resting spent in this place.
 E = Time spent auto-exploring this place.
 F = Levels seen in this place.
 G = Mean time per level.
                   A        B        C        D        E       F      G
               +--------+--------+--------+--------+--------+-----+--------+
         Total |   9848 |   9673 |    175 |   1428 |   5358 |   8 | 1231.0 |
       Dungeon |   9848 |   9673 |    175 |   1428 |   5358 |   8 | 1231.0 |
               +--------+--------+--------+--------+--------+-----+--------+

Top non-repeatable levels by time:
     D:7: 2437 daAuts
     D:2: 1596 daAuts
     D:3: 1334 daAuts
     D:4: 1302 daAuts
     D:5: 1160 daAuts
     D:6: 1066 daAuts
     D:1: 825 daAuts
     D:8: 125 daAuts
